 Dungeon Crawl Stone Soup version 0.31-a0-263-ge8cad7f256 (webtiles) character file.

Game seed: 14283533625461361158

347 qw the Shooter (level 6, -5/37 HPs)
             Began as a Gargoyle Hexslinger on July 13, 2023.
             Slain by an ogre
             ... wielding a +0 giant spiked club
              (17 damage)
             ... on level 4 of the Dungeon.
             The game lasted 00:01:07 (3043 turns).

qw the Shooter (Gargoyle Hexslinger)                Turns: 3043, Time: 00:01:07

Health: -5/37      AC: 12    Str: 12    XL:     6   Next: 59%
Magic:  7/7        EV: 15    Int: 13    God:
Gold:   235        SH:  0    Dex: 14    Spells: 6/7 levels left

rFire   . . .        Y - +1 sling
rCold   . . .        (no shield)
rNeg    + . .        i - +0 ring mail
rPois   inf          (no helmet)
rElec   +            d - +1 cloak
rCorr   .            (no gloves)
SInv    .            (no boots)
Will    .....        (no amulet)
Stlth   +            e - +5 ring of evasion
HPRegen 0.26/turn    (no ring)
MPRegen 0.10/turn

%: no passive effects
@: no status effects
A: sickness immunity, AC +4, negative energy resistance 1, electricity
resistance, torment resistance 1, petrification resistance
a: no special abilities


You were on level 4 of the Dungeon.
You visited 1 branch of the dungeon, and saw 4 of its levels.

You collected 235 gold pieces.


Innate Abilities, Weirdness & Mutations

You are immune to sickness and miasma.
Your stone body is resilient. (AC +4)
You are immune to poison.
You resist negative energy. (rN+)
You are resistant to electric shocks. (rElec)
You are resistant to unholy torment.
You are immune to petrification.


   Skills:
 - Level 3.6 Fighting
 + Level 5.2 Ranged Weapons
 - Level 2.8 Armour
 - Level 1.5 Dodging
 - Level 1.0 Spellcasting
 - Level 2.6 Hexes


You had 6 spell levels left.
You knew the following spells:

 Your Spells              Type           Power      Damage    Failure   Level
a - Slow                  Hex            28%        N/A       21%         1

Your spell library contained the following spells:

 Spells                   Type           Power      Damage    Failure   Level
 Inner Flame              Hex/Fire       4%         N/A       71%         3
 Portal Projectile        Hex/Tloc       8%         N/A       71%         3
 Cause Fear               Hex            3%         N/A       90%         4

Inventory:

Hand Weapons
 Y - a +1 sling (weapon)
Armour
 d - a +1 cloak (worn)
 i - a +0 ring mail (worn)
Jewellery
 e - a +5 ring of evasion (left hand)
Scrolls
 a - a scroll of vulnerability {unknown}
 j - a scroll of immolation {unknown}
Potions
 b - a potion of curing
 c - a potion of heal wounds
 f - a potion of mutation {unknown}
 g - a potion of might {unknown}
 h - a potion of lignification {unknown}

Dungeon Overview and Level Annotations

Branches:
Dungeon (4/15)
 Temple: D:4-7

Altars:


Message History

The ogre is lightly wounded.
You shoot a sling bullet. The sling bullet hits the ogre!
The ogre is heavily wounded.
You shoot a sling bullet.
The sling bullet barely misses the ogre.
The ogre hits you but does no damage.
You shoot a sling bullet. The sling bullet hits the ogre.
The ogre is heavily wounded.
The ogre misses you.
You shoot a sling bullet.
The sling bullet barely misses the ogre.
You shoot a sling bullet.
The sling bullet barely misses the ogre.
The ogre hits you with a +0 giant spiked club!!
Ouch! That really hurt!
You shoot a sling bullet. The sling bullet hits the ogre.
The ogre is heavily wounded.
The ogre closely misses you.
You shoot a sling bullet.
The sling bullet barely misses the ogre.
The ogre misses you.
You shoot a sling bullet. The sling bullet hits the ogre.
The ogre is heavily wounded.
The ogre barely misses you.
You shoot a sling bullet.
The sling bullet hits the ogre but does no damage.
The ogre is heavily wounded.
The ogre completely misses you.
You shoot a sling bullet.
The sling bullet barely misses the ogre.
You shoot a sling bullet. The sling bullet hits the ogre.
The ogre is severely wounded.
The ogre misses you.
You shoot a sling bullet. The sling bullet hits the ogre.
The ogre is severely wounded.
The ogre hits you with a +0 giant spiked club.
You shoot a sling bullet.
The sling bullet barely misses the ogre.
The ogre hits you with a +0 giant spiked club!
You die...

##### #####...##
......O@.##
..........######
...#####.......#
.... . ##....###
#........#
#....##
#........#
#....#
##........#
##....#
#..>......#
##....##
..........##
#.....#


You could see an ogre.

Vanquished Creatures
  An ogre (D:3)
  A phantom (D:4)
  A scorpion (D:3)
  A hound (D:3)
  4 adders
  An ufetubus (D:4)
  A worm (D:3)
  2 dart slugs
  An orc (D:3)
  4 ball pythons
  7 endoplasms
  3 giant cockroaches
  7 goblins
  5 hobgoblins
  4 bats
  3 frilled lizards
  6 kobolds
  5 rats
57 creatures vanquished.

Notes
Turn   | Place    | Note
-------+----------+-------------------------------------------
     0 | D:1      | qw the Gargoyle Hexslinger began the quest for the Orb.
     0 | D:1      | Reached XP level 1. HP: 12/12 MP: 2/2
     0 | D:1      | 0 ||| qw: Version: 0.3-a-52-g30416fa
     0 | D:1      | 0 ||| qw: Game counter: 7096
     0 | D:1      | 0 ||| qw: Melee chars always use a shield: true
     0 | D:1      | 0 ||| qw: God list: Okawaru
     0 | D:1      | 0 ||| qw: Allow faded altars: false
     0 | D:1      | 0 ||| qw: Do Orc after clearing Dungeon:15 true
     0 | D:1      | 0 ||| qw: Do second Lair branch before Depths: true
     0 | D:1      | 0 ||| qw: Lair rune preference: random
     0 | D:1      | 0 ||| qw: Goals: Normal
     0 | D:1      | 0 ||| PLANNING D:1-11
   108 | D:1      | Reached XP level 2. HP: 16/16 MP: 3/3
   358 | D:1      | Reached skill level 3 in Ranged Weapons
   598 | D:1      | 598 ||| UPGRADING to +0 cloak.
   603 | D:1      | 603 ||| READING scroll labelled CUCAKI PATZ.
   604 | D:1      | 604 ||| READING scroll labelled FUINEEH WEOVO.
   608 | D:1      | 608 ||| DROPPING scroll of poison.
   687 | D:2      | Reached XP level 3. HP: 21/21 MP: 4/4
  1010 | D:2      | Reached XP level 4. HP: 25/26 MP: 5/5
  1271 | D:2      | 1271 ||| READING scroll labelled AKOOTE QANN.
  1272 | D:2      | 1272 ||| DRINKING 2 fuming pink potions.
  1318 | D:3      | Reached skill level 4 in Ranged Weapons
  1327 | D:3      | HP: 3/26 [worm (8)]
  1328 | D:3      | 1328 ||| DRINKING potion of heal wounds.
  1506 | D:3      | Found a faded altar of an unknown god.
  1596 | D:3      | Noticed a scorpion
  1609 | D:3      | Killed a scorpion
  1610 | D:3      | Reached skill level 5 in Ranged Weapons
  1610 | D:3      | Reached XP level 5. HP: 19/30 MP: 6/6
  1848 | D:3      | Identified the +0 ring mail "Onyetol" {Rampage Int+2 Dex-4
                  | SInv}
  2229 | D:3      | 2229 ||| UPGRADING to +0 leather armour.
  2239 | D:3      | 2239 ||| DROPPING +0 robe.
  2240 | D:3      | 2240 ||| UPGRADING to +0 ring mail.
  2250 | D:3      | 2250 ||| DROPPING +0 leather armour.
  2251 | D:3      | 2251 ||| DROPPING +0 ring mail "Onyetol" {Rampage Int+2
                  | Dex-4 SInv}.
  2252 | D:3      | 2252 ||| UPGRADING to +5 ring of evasion.
  2253 | D:3      | 2253 ||| READING scroll labelled FAUXEBBIFOC.
  2254 | D:3      | 2254 ||| READING scroll labelled CIRURR RIROSHAMN.
  2255 | D:3      | 2255 ||| DRINKING 2 black potions.
  2354 | D:4      | Noticed an ogre
  2362 | D:4      | 2362 ||| STAIRDANCE
  2364 | D:3      | Killed an ogre
  2365 | D:3      | Reached XP level 6. HP: 15/36 MP: 7/7
  2457 | D:4      | 2457 ||| STAIRDANCE
  2554 | D:4      | Identified the +2 trident of the Common Good {antimagic,
                  | rN+}
  2574 | D:4      | 2574 ||| READING scroll of enchant armour.
  2574 | D:4      | 2574 ||| ENCHANTING +0 cloak.
  2886 | D:4      | Reached skill level 3 in Fighting
  3043 | D:4      | Slain by an ogre

Levels and vault maps discovered:
D:1:      mrwooster_arrival_statue_2, layout_basic
D:2:      layout_loops_ring
D:3:      layout_basic, shapermc_ecumenical_altar_flowoftime, fountainhead,
          st_stairs_5, grunt_decor_clamped
D:4:      layout_layer_cave

Skill      XL: |  1  2  3  4  5  6 |
---------------+-------------------+-----
Ranged Weapons | 3 5 |  5.2
Fighting       | 2 3 |  3.6
Armour         | 2 |  2.8
Dodging        | |  1.5
Spellcasting   | |  1.0
Hexes          | |  2.6

Action                     |  1- 3 |  4- 6 || total
---------------------------+-------+-------++-------
   Fire: Sling             |   111 |   169 ||   280
    Use: Scroll            |     2 |     4 ||     6
         Potion            |       |     3 ||     3
 Armour: Robe              |    14 |    19 ||    33
         Ring mail         |       |    23 ||    23
  Dodge: Dodged            |    33 |   122 ||   155

Table legend:
 A = Non-vault XP
 B = Vault XP
 C = Vault XP percentage of total XP
 D = Non-vault monster count
 E = Vault monster count
 F = Vault count percentage of total count
                 A         B        C        D         E       F
            +---------+---------+-------+---------+---------+-------
      Total |     449 |      47 |   9.5 |      54 |       3 |   5.3
            +---------+---------+-------+---------+---------+-------
        D:1 |      26 |       0 |   0.0 |      16 |       0 |   0.0
        D:2 |      58 |       0 |   0.0 |      19 |       0 |   0.0
        D:3 |     244 |      47 |  16.2 |      14 |       3 |  17.6
        D:4 |     121 |       0 |   0.0 |       5 |       0 |   0.0
            +---------+---------+-------+---------+---------+-------
